 Dungeon Crawl Stone Soup version 0.28.0-53-g5a82cb258f (webtiles) character file.

Game seed: 5826160046202856890

33 Legadrian the Skirmisher (level 3, 0/29 HPs)
             Began as a Human Transmuter on June 30, 2022.
             Splashed by a jelly's acid (9 damage)
             ... on level 3 of the Dungeon.
             The game lasted 00:09:06 (2574 turns).

Legadrian the Skirmisher (Human Transmuter)         Turns: 2574, Time: 00:09:06

Health: 0/29       AC:  2    Str:  7 (10) XL:     3   Next: 47%
Magic:  6/6        EV: 12    Int: 13 (15) God:
Gold:   84         SH:  0    Dex: 10 (13) Spells: 0/6 levels left

rFire   . . .      SeeInvis .     - Unarmed
rCold   . . .      Faith    .   (no shield)
rNeg    . . .      Spirit   .   a - +0 robe
rPois   .          Reflect  .   (no helmet)
rElec   .          Harm     .   (no cloak)
rCorr   .          Rampage  .   (no gloves)
Will    .....                   (no boots)
Stlth   +.........              (no amulet)
HPRegen 0.09/turn               (no ring)
MPRegen 0.10/turn               (no ring)

@: no status effects
A: no striking features
a: no special abilities


You were on level 3 of the Dungeon.
You visited 1 branch of the dungeon, and saw 3 of its levels.

You collected 84 gold pieces.

Inventory:

Armour
 a - a +0 robe (worn)
Scrolls
 b - a scroll of amnesia {unknown}
Potions
 c - a potion of lignification


   Skills:
 + Level 3.1 Fighting
 - Level 2.0 Dodging
 - Level 3.0 Unarmed Combat
 - Level 2.0 Spellcasting
 - Level 2.0 Transmutations


You couldn't memorise any spells.
You knew the following spells:

 Your Spells              Type           Power      Damage    Failure   Level
a - Beastly Appendage     Tmut           12%        N/A       11%         1
b - Wereblood             Tmut           6%         N/A       17%         2
c - Spider Form           Tmut/Pois      3%         N/A       45%         3

Your spell library contained the following spells:

 Spells                   Type           Power      Damage    Failure   Level
 Passwall                 Tmut/Erth      2%         N/A       26%         2
 Ensorcelled Hibernation  Hex/Ice        2%         N/A       36%         2
 Ignite Poison            Fire/Tmut/Pois 3%         N/A       52%         3
 Conjure Flame            Conj/Fire      1%         6-21      58%         3
 Gell's Gravitas          Tloc           1%         N/A       58%         3
 Swiftness                Air            1%         N/A       58%         3
 Teleport Other           Tloc           1%         N/A       58%         3
 Ice Form                 Ice/Tmut       3%         N/A       86%         4
 Sticky Flame             Conj/Fire      1%         2d3       94%         4
 Dispersal                Tloc           0%         N/A       100%        6


Dungeon Overview and Level Annotations

Branches:
Dungeon (3/15)

Altars:
Nemelex Xobeh


Message History

The fungus is lightly damaged.
You hit the fungus. You punch the fungus.
The fungus is lightly damaged.
You hit the fungus.
The fungus is lightly damaged.
You hit the fungus but do no damage.
The fungus is lightly damaged.
A nearby fungus withers and dies.
Found a faded altar of an unknown god.
Found a robe.
Things that are here:
a +0 robe; a human skeleton Done exploring.
Done exploring.
You see here 26 stones.
There is a stone staircase leading down here.
You climb downwards.
The hobgoblin hits you.
There is a stone staircase leading up here.
You hit the hobgoblin.
The hobgoblin is heavily wounded.
The hobgoblin closely misses you.
You hit the hobgoblin.
You kill the hobgoblin!
HP restored.
Found a leather armour.
You see here a +0 leather armour.
Found a stone staircase leading up.
A jelly comes into view.
The jelly moves out of view.
Found a stone staircase leading down.
A jelly is nearby!
The jelly quivers.
The jelly hits you.
You are splashed with acid!
You hit the jelly.
Your hands burn!
The jelly is lightly wounded.
The jelly hits you.
You are splashed with acid.
You hit the jelly but do no damage.
Your hands burn!
The jelly is lightly wounded.
The jelly hits you.
You are splashed with acid!
You die...

.# #.# .# #.# ########
.# #.# #......#
####.#### #......#
........# #......#
......#.# #......#
......[.#
#......####...
#...#...###...........#
#.#......#######@# #
#.#.###..#......J#.#...
....................>..
......##.........#.....
#.......###..###.#.....
#.....#........#.# ....
..#. #........#.# ....
#.#...<.....#.#.# ...
####....####.#


You could see a jelly.

Vanquished Creatures
  A worm (D:2)
  A dart slug (D:1)
  3 endoplasms
  3 goblins
  5 hobgoblins
  A kobold (D:1)
  A quokka (D:1)
  5 ball pythons
  2 bats
  A frilled lizard (D:1)
  3 rats
26 creatures vanquished.

Vanquished Creatures (others)
  A fungus (D:2)
1 creature vanquished.

Grand Total: 27 creatures vanquished

Notes
Turn   | Place    | Note
-------+----------+-------------------------------------------
     0 | D:1      | Legadrian the Human Transmuter began the quest for the Orb.
     0 | D:1      | Reached XP level 1. HP: 15/15 MP: 3/3
   451 | D:1      | Reached XP level 2. HP: 7/22 MP: 5/5
   662 | D:1      | Learned a level 2 spell: Wereblood
  1415 | D:2      | Reached XP level 3. HP: 28/28 MP: 4/6
  1536 | D:2      | You fall into a shaft and drop 1 floor!
  1563 | D:2      | Learned a level 3 spell: Spider Form
  2252 | D:2      | Found a sparkling altar of Nemelex Xobeh.
  2440 | D:2      | Found a faded altar of an unknown god.
  2574 | D:3      | Splashed by a jelly's acid

Illustrated notes

Levels and vault maps discovered:
D:1:      heliophobic_arrival_glass_houses, layout_basic
D:2:      layout_loops_cross, dreamdust_ecumenical_altar_hidden_monk_grotto,
          basic_altar
D:3:      layout_basic, minmay_misc_feat_rows, grunt_decor_mini_mirrors

Skill      XL: |  1  2  3 |
---------------+----------+-----
Fighting       | 2 3 |  3.1
Dodging        | |  2.0
Unarmed Combat | |  3.0
Spellcasting   | |  2.0
Transmutations | |  2.0

Action                   || total
-------------------------++-------
Melee: Unarmed           ||    90
       Punch             ||     4
       Kick              ||     7
       Headbutt          ||     6
 Cast: Beastly Appendage ||     8
  Use: Potion            ||     3
       Scroll            ||     2
 Stab: Sleeping          ||     1
Armor: Robe              ||    14
Dodge: Dodged            ||    33
